 Dungeon Crawl Stone Soup version 0.17-a0-1949-g1acca9a (webtiles) character file.

456 Ordine the Cruncher (level 6, -8/50 HPs)
             Began as a Minotaur Gladiator on Oct 2, 2015.
             Mangled by Duvessa
             ... wielding a +2 short sword of electrocution
              (13 damage)
             ... on level 4 of the Dungeon.
             The game lasted 00:06:25 (2384 turns).

Ordine the Cruncher (Minotaur Gladiator)            Turns: 2384, Time: 00:06:26

Health: -8/50      AC: 10    Str: 20    XL:     6   Next: 77%
Magic:  5/5        EV: 10    Int:  9    God:
Gold:   121        SH:  0    Dex: 12    Spells: 0 memorised, 5 levels left

rFire  x . .     SeeInvis .     a - +0 quarterstaff
rCold  + + .     Clarity  .     j - +0 ice dragon armour
rNeg   . . .     SustAt   .     (no shield)
rPois  .         Gourm    .     c - +0 hat
rElec  .         Spirit   .     (no cloak)
rCorr  .         Warding  .     n - +0 pair of gloves
rMut   .         Stasis   .     (no boots)
MR     .....                    (no amulet)
Stlth  ..........               (no ring)
                                h - +4 ring of intelligence

@: not resistant to hostile enchantments, extremely unstealthy
A: retaliatory headbutt, horns 2
a: no special abilities


You were on level 4 of the Dungeon.
You were not hungry.

You visited 1 branch of the dungeon, and saw 4 of its levels.

You collected 121 gold pieces.

Inventory:

Hand weapons
 a - a +0 quarterstaff (weapon)
Missiles
 d - 3 throwing nets (quivered)
Armour
 b - a +0 leather armour
 c - a +0 hat (worn)
 j - a +0 ice dragon armour (worn)
 n - a +0 pair of gloves (worn)
Jewellery
 h - a +4 ring of intelligence (left hand)
Potions
 g - a potion of magic
 k - 2 potions of lignification {unknown}
 l - a potion of agility {unknown}
 p - a potion of curing {unknown}
Comestibles
 e - 2 bread rations
 i - a royal jelly
 o - a slice of pizza
 q - 7 fruits
 s - 7 chunks of flesh


   Skills:
 - Level 2.4 Fighting
 + Level 9.3 Staves
 - Level 2.0 Throwing
 - Level 3.2 Dodging


You had 5 spell levels left.
You didn't know any spells.

Dungeon Overview and Level Annotations

Branches:
Dungeon (4/15)
 Temple: D:4-7

Altars:
Gozag
Makhleb
Ru
Sif Muna
Trog
Vehumet

Annotations:
D:4 Dowan, Duvessa


Innate Abilities, Weirdness & Mutations

You reflexively headbutt those who attack you in melee.
You have a pair of horns on your head.


Message History

Dowan blinks!
You hit the orc. You headbutt the orc!
You kill the orc!
You closely miss Duvessa.
Duvessa is heavily wounded.
Duvessa hits you with a short sword of electrocution.
You are electrocuted!
* * * LOW HITPOINT WARNING * * *
You are too injured to fight recklessly!
You hit Duvessa. You headbutt Duvessa.
Duvessa is severely wounded.
Duvessa hits you but does no damage.
You hit Duvessa but do no damage.
Duvessa is severely wounded.
You barely miss Duvessa.
Duvessa is severely wounded.
Duvessa hits you with a short sword of electrocution!
* * * LOW HITPOINT WARNING * * *
You are electrocuted!
You die...

*******,*#.......#*********,*
*,*#.......# *,* *,*#..$....#
#.# *,*#.......# #.#
*,*#...e...# #.# *,*#.......#
#.# ** *,*#.....gg# #.# ,*
*,*#.#####e# #.# ,* *,*#.*
#@# ######.# ,* *,*#,* #.#
##...##.# ** ****,**,* #.#
##..#....## *,**,**,*
#.###.##.##...## ****,,*,**,*
#.##.##.⌠.##...# ,,,,,*,,**,*
#.#)####.####..# ,,,,,*,,**,*
#...#.###.#.#..# ,,,,,*,*,*,*
#..#.⌠.###.♣.#.# ,,,,,*,**,,*
#...#.#.###.#..#


You could see Duvessa, Dowan, a hobgoblin and a goblin.

Vanquished Creatures
  The ghost of Banto the Sneak, an average KoAM of Okawaru (D:4)
  A hound (D:3)
  2 orc wizards (D:4)
  2 worker ants (D:4)
  A hound skeleton (D:4)
  3 adders
  3 gnolls (D:2)
  An ooze (D:3)
  4 worms
  A giant gecko (D:1)
  5 orcs
  10 bats
  8 hobgoblins
  14 kobolds
  3 quokkas
  3 giant cockroaches
  4 giant newts
  7 goblins
  7 rats
80 creatures vanquished.

Notes
Turn   | Place    | Note
--------------------------------------------------------------
     0 | D:1      | Ordine the Minotaur Gladiator began the quest for the Orb.
     0 | D:1      | Reached XP level 1. HP: 18/18 MP: 0/0
    65 | D:1      | Reached skill level 4 in Staves
   178 | D:1      | Reached XP level 2. HP: 25/25 MP: 1/1
   553 | D:2      | Reached skill level 5 in Staves
   593 | D:2      | Reached XP level 3. HP: 30/30 MP: 2/2
   615 | D:2      | Found a burning altar of Makhleb.
   625 | D:2      | Found an opulent altar of Gozag.
   628 | D:2      | Found a deep blue altar of Sif Muna.
   631 | D:2      | Found a radiant altar of Vehumet.
   674 | D:2      | Found a sacrificial altar of Ru.
   920 | D:2      | Reached XP level 4. HP: 9/37 MP: 3/3
   923 | D:2      | Reached skill level 6 in Staves
  1907 | D:3      | Found a bloodstained altar of Trog.
  1935 | D:3      | Reached XP level 5. HP: 38/42 MP: 4/4
  1979 | D:3      | Reached skill level 7 in Staves
  2278 | D:4      | Reached skill level 8 in Staves
  2348 | D:4      | Noticed Banto's ghost (average KoAM)
  2357 | D:4      | Killed Banto's ghost
  2357 | D:4      | Reached skill level 9 in Staves
  2357 | D:4      | Reached XP level 6. HP: 50/50 MP: 5/5
  2358 | D:4      | Noticed Dowan
  2359 | D:4      | Noticed Duvessa
  2384 | D:4      | Mangled by Duvessa

Vault maps used:
D:1:      dpeg_arrival_windows_large_door, minmay_bisected
D:2:      mumra_celtic_spiral_tile, grunt_temple_overflow_cloverleaf,
          solitary_fountain, serial_bayou_pond_e, minmay_tree_intersection,
          nicolae_ru_awakened_eye
D:3:      nicolae_overflow_hidden_temple, kennysheep_generic_room_9
D:4:      minmay_temple_entry_hall, grunt_decor_mini_mirrors, minmay_cut_off,
          uniq_robin, uniq_duvessa

Action                   |  1- 3 |  4- 6 || total
-------------------------+-------+-------++-------
Melee: Quarterstaff      |    63 |   124 ||   187
  Use: Scroll            |     2 |     3 ||     5
       Potion            |       |     1 ||     1
 Stab: Sleeping          |     1 |       ||     1
  Eat: Chunk             |       |     5 ||     5
